[Event "*** Titled Tuesday Blitz"]
[Site "Chess.com"]
[Date "2020.10.27"]
[Round "6"]
[White "WonderChampion"]
[Black "ShcufNaiRolf"]
[Result "0-1"]
[WhiteElo "2024"]
[BlackElo "2324"]
[TimeControl "180+1"]
[EndTime "11:06:22 PDT"]
[Termination "ShcufNaiRolf won by checkmate"]

1. Nf3 d5 2. d4 Nf6 3. c3 Bf5 4. g3 c6 5. Bg2 e6 6. O-O h6 7.
Nbd2 Nbd7 8. Re1 Be7 9. Qb3 Qb6 10. e3 O-O 11. Nh4 Bh7 12. e4 dxe4 13. Nxe4 Nxe4 14. Bxe4 Bxh4 15. Bxh7+ Kxh7 16. Qc2+ Kg8 17. gxh4 Qb5 18. Kh1 Qh5 19. Rg1 Qxh4 20. Qe2 Nf6 21. f3 Kh8 22. Qg2 Rg8 23. Be3 Rad8 24. Raf1 Rd5 25. Bf2 Qh5 26.
f4 Rf5 27. Be3 Nd5 28. Bd2 Qh4 29. Qe4 Rh5 30. Rg2 Nf6 31. Rfg1 Nxe4 32. Be1 Qh3 33. Bg3 Nxg3+ 34. Rxg3 Qxh2# 0-1

[Event "*** Titled Tuesday Blitz"]
[Site "Chess.com"]
[Date "2020.10.27"]
[Round "6"]
[White "Resignify"]
[Black "LileKoridze"]
[Result "0-1"]
[WhiteElo "2197"]
[BlackElo "2374"]
[TimeControl "180+1"]
[EndTime "11:06:23 PDT"]
[Termination "LileKoridze won on time"]

1. e4 c5 2. Nc3 Nc6 3. g3 d6 4. Bg2 g6 5. d3 Bg7 6. f4 Nf6 7. Nf3 O-O 8. O-O Rb8 9. h3 Qc7 10. g4 b5 11. f5 b4 12. Ne2 c4 13. Nf4 cxd3 14. cxd3 Ba6 15. g5 Nd7 16. Nd5 Qd8 17. f6 Bh8 18. Nd4 Nde5 19. Bf4 exf6 20. gxf6 Bxf6 21. Nxc6 Nxc6 22. Bh6 Bd4+ 23. Kh1 Re8 24.
Rc1 Rc8 25. Qb3 Re6 26. Bf4 Bg7 27. Nxb4 Nxb4 28. Qxb4 Bxd3 29. Rfd1 Rxc1 30. Rxc1 Re8 31. Rd1 Qf6 0-1

[Event "*** Titled Tuesday Blitz"]
[Site "Chess.com"]
[Date "2020.10.27"]
[Round "6"]
[White "pavelalexandru07"]
[Black "BogdanBelyakov89"]
[Result "0-1"]
[WhiteElo "2354"]
[BlackElo "2589"]
[TimeControl "180+1"]
[EndTime "11:06:24 PDT"]
[Termination "BogdanBelyakov89 won on time"]

1. e4 e5 2. Nf3 Nc6 3. Bb5 Nf6 4. O-O Nxe4 5. d4 Nd6 6. dxe5 Nxb5 7. a4 d6 8. axb5 Nxe5 9. Re1 Be7 10. Nxe5 dxe5 11. Qxd8+ Kxd8 12. Rxe5 Bd6 13. Re1 Bd7 14. c4 Re8 15.
Rxe8+ Kxe8 16. Be3 a6 17. Nc3 Be6 18. c5 Be5 19. c6 Bc8 20. f4 Bxc3 21. cxb7 Bxb7 22. bxa6 Bxa6 23. bxc3 Kd7 24. Kf2 Kc6 25. Ra5 Kb7 26. Ke1 Rd8 27. Bd4 f6 28. Kd2 Bc4 29. Rc5 Bd5 30. Rb5+ Kc8 31. g3 c6 32. Ra5 Kb8 33. Kc1 Re8 34. Ra4 Re2 35. Rb4+ Kc7 36. c4 Be4 37.
Bb6+ Kd6 38. c5+ Kd5 39. Rb3 Rc2+ 40. Kd1 Rxh2 41. Ra3 Rg2 42. Ra7 Rxg3 43. Rd7+ Kc4 44. Ke2 Bd5 45. Re7 h5 0-1

[Event "*** Titled Tuesday Blitz"]
[Site "Chess.com"]
[Date "2020.10.27"]
[Round "6"]
[White "Fischerev7"]
[Black "shineatchess"]
[Result "1-0"]
[WhiteElo "2421"]
[BlackElo "2190"]
[TimeControl "180+1"]
[EndTime "11:06:24 PDT"]
[Termination "Fischerev7 won on time"]

1. e4 Nf6 2. e5 Nd5 3. d4 d6 4. Nf3 dxe5 5. Nxe5 c6 6. Bd3 Nd7 7. Nxd7 Bxd7 8. O-O g6 9. c4 Nc7 10. Nc3 Bg7 11. Bg5 Bxd4 12. Re1 Ne6 13. Bh6 Qb6 14. Qc2 O-O-O 15. Be3 Bxe3 16. Rxe3 Nd4 17. Qc1 Be6 18. Ne4 h6 19. Qc3 Bf5 20. c5 Qc7 21. Bc4 Bxe4 22. Rxe4 e5 23. Rae1 Rhe8 24. f4 f5 25. Rxe5 Rxe5 26.
Rxe5 Kb8 27. h3 a6 28. b4 Ka7 29. Qe3 Rd7 30. a4 h5 31. Kh2 a5 32. b5 cxb5 33. axb5 b6 34. c6 1-0

[Event "*** Titled Tuesday Blitz"]
[Site "Chess.com"]
[Date "2020.10.27"]
[Round "6"]
[White "RU_B9"]
[Black "VladaSviridova"]
[Result "0-1"]
[WhiteElo "1736"]
[BlackElo "2275"]
[TimeControl "180+1"]
[EndTime "11:06:24 PDT"]
[Termination "VladaSviridova won on time"]

1. c4 c6 2. Nf3 d5 3. e3 Nf6 4. b3 e6 5. Bb2 Bd6 6. d4 O-O 7. Nbd2 Nbd7 8. Bd3 b6 9. O-O Bb7 10. Qe2 Re8 11. Rfd1 Qe7 12. Ne5 c5 13. Nxd7 Nxd7 14.
e4 cxd4 15. exd5 e5 16. Ne4 Nf6 17. a4 Bb4 18. Rf1 g6 19. Nxf6+ Qxf6 20. Ba3 Bxa3 21. Rxa3 Qd6 22. Ra2 e4 23. Bxe4 f5 24. f3 fxe4 25. fxe4 Qe5 26. Qd3 Rf8 27. Rd2 Rxf1+ 28. Kxf1 Rf8+ 29.
Kg1 Rf4 30. Qxd4 Rxe4 0-1

[Event "*** Titled Tuesday Blitz"]
[Site "Chess.com"]
[Date "2020.10.27"]
[Round "6"]
[White "silverback96"]
[Black "Trickov"]
[Result "1/2-1/2"]
[WhiteElo "2227"]
[BlackElo "2348"]
[TimeControl "180+1"]
[EndTime "11:06:25 PDT"]
[Termination "Game drawn by repetition"]

1. Nf3 d5 2. c4 c6 3. g3 Nf6 4. Bg2 Bf5 5. O-O e6 6. Qb3 Qb6 7. d4 Nbd7 8. c5 Qxb3 9. axb3 a6 10.
h3 h6 11. g4 Bh7 12. Bf4 g5 13. Bg3 Bg7 14. Nbd2 Ne4 15. Nxe4 dxe4 16. Ne5 f6 17. Nc4 f5 18. Nd6+ Ke7 19. Nxb7 f4 20. Bh2 Bxd4 21.
Rfd1 e5 22. b4 Rhb8 23. Na5 Rc8 24. Nc4 Ke6 25. e3 Rcb8 26. exd4 Rxb4 27. Nxe5 Nxe5 28. dxe5 Kxe5 29. Rd2 Bg8 30. Bf1 a5 31. Be2 Bd5 32. Kf1 a4 33. Bd1 Ra5 34. Ke1 Rxc5 35. Rxa4 Rxa4 36. Bxa4 Rc1+ 37. Bd1 Rb1 38. Re2 Bb3 39. Rd2 Bxd1 40. Rxd1 Rxb2 41. Rd2 Rb1+ 42. Rd1 Rb2 43.
Rc1 Kd5 44. Rd1+ Ke5 1/2-1/2

[Event "*** Titled Tuesday Blitz"]
[Site "Chess.com"]
[Date "2020.10.27"]
[Round "6"]
[White "Andrii_Prydun"]
[Black "WiktoriaPOL"]
[Result "1-0"]
[WhiteElo "2374"]
[BlackElo "2075"]
[TimeControl "180+1"]
[EndTime "11:06:25 PDT"]
[Termination "Andrii_Prydun won on time"]

1. d3 e5 2. Nd2 d5 3. e4 d4 4.
Ngf3 Nc6 5. Be2 Nf6 6. O-O Be7 7. c3 O-O 8. cxd4 exd4 9. Nb3 a5 10. a4 Be6 11. Bf4 Bd6 12. Bxd6 Qxd6 13. Nbd2 Qb4 14.
Qc2 Ra6 15. Rfc1 Rb6 16. Rab1 Ba2 17. Ra1 Be6 18. Rcb1 Ne7 19. Nc4 Bxc4 20. dxc4 Qb3 21. Qxb3 Rxb3 22. Nxd4 Rb4 23. b3 Nxe4 24. Bf3 Nd2 25.
Rb2 Nxc4 26. Re2 Nd6 27. Nc2 Rxb3 28. Rxe7 Rc3 29. Ne3 c6 30. Rd1 Re8 31. Rxd6 Rc1+ 32. Nd1 1-0

[Event "*** Titled Tuesday Blitz"]
[Site "Chess.com"]
[Date "2020.10.27"]
[Round "6"]
[White "RaunakSadhwani2005"]
[Black "vladislavkovalev"]
[Result "1-0"]
[WhiteElo "2974"]
[BlackElo "2850"]
[TimeControl "180+1"]
[EndTime "11:06:26 PDT"]
[Termination "RaunakSadhwani2005 won on time"]

1. c4 g6 2. Nc3 Bg7 3. d4 d6 4. Nf3 Nf6 5. e4 O-O 6. Be2 e5 7. d5 a5 8. Bg5 h6 9. Be3 Ng4 10. Bd2 f5 11. h3 Nf6 12. exf5 gxf5 13. O-O Na6 14. a3 Nc5 15. b4 axb4 16. axb4 Rxa1 17. Qxa1 Nb3 18. Qd1 Nxd2 19. Qxd2 Bd7 20. Ra1 Qe7 21. Ra7 Bc8 22. Nb5 f4 23. Bd1 e4 24. Nfd4 e3 25.
Qe1 exf2+ 26. Qxf2 Ne4 27. Qe1 Re8 28. Bf3 Bd7 29. Ne6 Bxe6 30. dxe6 Ng5 31. Bxb7 Qf7 32. exf7+ 1-0

[Event "*** Titled Tuesday Blitz"]
[Site "Chess.com"]
[Date "2020.10.27"]
[Round "6"]
[White "Morshynska"]
[Black "Skat2704"]
[Result "0-1"]
[WhiteElo "2212"]
[BlackElo "2457"]
[TimeControl "180+1"]
[EndTime "11:06:26 PDT"]
[Termination "Skat2704 won by resignation"]

1. Nf3 d5 2. g3 Nf6 3. Bg2 e6 4. O-O Be7 5. d4 O-O 6. c4 b6 7. Nc3 Bb7 8. cxd5 exd5 9. Bf4 Na6 10. Rc1 c5 11. a3 Nc7 12. dxc5 bxc5 13. Qb3 Qc8 14. Rfd1 Ne6 15. Ne5 Nxf4 16. gxf4 Rb8 17. Na4 d4 18. Bxb7 Rxb7 19. Qc4 Qf5 20. e3 dxe3 21.
fxe3 Ne4 22. Qc2 Bf6 23. Nc4 Bh4 24. Qg2 Re7 25. Rc2 Re6 26. Re2 Rg6 27. Kh1 Rxg2 28.
Rxg2 Nf2+ 0-1

[Event "*** Titled Tuesday Blitz"]
[Site "Chess.com"]
[Date "2020.10.27"]
[Round "6"]
[White "OK97"]
[Black "Oleksandr_Bortnyk"]
[Result "0-1"]
[WhiteElo "2795"]
[BlackElo "2919"]
[TimeControl "180+1"]
[EndTime "11:06:27 PDT"]
[Termination "Oleksandr_Bortnyk won on time"]

1. Nf3 d6 2. d4 Nf6 3. c4 g6 4. Nc3 Bf5 5. Ng5 Bg7 6. e4 Bg4 7. Be2 Bxe2 8. Qxe2 e5 9. dxe5 dxe5 10. Nf3 Nc6 11.
O-O O-O 12. Be3 Nd4 13. Qd1 Ng4 14. Bc1 Re8 15. h3 Nf6 16. Bg5 c6 17. c5 Qa5 18.
Rc1 Qxc5 19. Nd5 Qd6 20. Nxd4 Nxe4 21. Ne7+ Kf8 22. Ndxc6 Qxd1 23. Rfxd1 bxc6 0-1

[Event "*** Titled Tuesday Blitz"]
[Site "Chess.com"]
[Date "2020.10.27"]
[Round "6"]
[White "suyu28"]
[Black "svilson23"]
[Result "1-0"]
[WhiteElo "2606"]
[BlackElo "2376"]
[TimeControl "180+1"]
[EndTime "11:06:27 PDT"]
[Termination "suyu28 won on time"]

1. c4 Nf6 2. Nc3 e6 3. Nf3 d5 4. d4 c6 5. e3 Ne4 6. Nxe4 dxe4 7. Nd2 f5 8. Be2 Be7 9. O-O O-O 10. f3 exf3 11.
Nxf3 Nd7 12. Qc2 Kh8 13. e4 Nf6 14. exf5 exf5 15. Bd3 Ne4 16. Bxe4 fxe4 17. Qxe4 Bf5 18.
Qe2 Bg4 19. Be3 Qb6 20. Rad1 Bf6 21. h3 Bh5 22. g4 Bg6 23. g5 Be7 24. Ne5 Rxf1+ 25.
Rxf1 c5 26. d5 Re8 27. Bf4 Kg8 28. Nxg6 Qxg6 29. Qe6+ Qxe6 30. dxe6 h6 31. g6 Bf6 32.
Re1 Bxb2 33. Kg2 Bd4 34. Kf3 Rd8 35. e7 Re8 36. Bd6 b6 37. Ke4 Bc3 38. Re2 Bf6 39. Kd5 h5 40. Ke6 h4 41. Kd7 1-0

[Event "*** Titled Tuesday Blitz"]
[Site "Chess.com"]
[Date "2020.10.27"]
[Round "6"]
[White "pastouche06"]
[Black "BJthechessgod"]
[Result "1-0"]
[WhiteElo "2496"]
[BlackElo "2300"]
[TimeControl "180+1"]
[EndTime "11:06:28 PDT"]
[Termination "pastouche06 won by checkmate"]

1. d4 Nf6 2. c4 e6 3. Nc3 Bb4 4. e3 b6 5. Ne2 O-O 6. a3 Be7 7.
d5 Bb7 8. g3 d6 9. Bg2 e5 10.
O-O Nbd7 11. e4 a5 12. Rb1 Ne8 13. f4 exf4 14. gxf4 Bf6 15. Be3 Nc5 16. Nd4 Qd7 17. b4 axb4 18. axb4 Na4 19. Ncb5 Bxd4 20. Bxd4 c5 21.
dxc6 Bxc6 22. Qd3 Bxb5 23. cxb5 Nc7 24. Qg3 f6 25. Bh3 Qxb5 26. Rbc1 Rac8 27. Bxc8 Rxc8 28. Qh3 Qe8 29. e5 dxe5 30. fxe5 fxe5 31. Bxe5 Ne6 32.
Rxc8 Qxc8 33. Bg3 Qc4 34. Qf5 h6 35. Be5 Ng5 36. Qf8+ Kh7 37. Qxg7# 1-0

[Event "*** Titled Tuesday Blitz"]
[Site "Chess.com"]
[Date "2020.10.27"]
[Round "6"]
[White "MomchilPetkov"]
[Black "Funo09"]
[Result "0-1"]
[WhiteElo "2642"]
[BlackElo "2800"]
[TimeControl "180+1"]
[EndTime "11:06:29 PDT"]
[Termination "Funo09 won by resignation"]

1. d4 Nf6 2. Bf4 g6 3. e3 Bg7 4. Nf3 O-O 5. h3 d6 6. Be2 c5 7.
O-O Nc6 8. Bh2 Be6 9. Nbd2 Qb6 10. Nc4 Bxc4 11. Bxc4 Qxb2 12. Rb1 Qc3 13. Bb5 cxd4 14. Rb3 Qa5 15. exd4 Rac8 16. c4 a6 17. Bxc6 bxc6 18. Qe2 Rfe8 19. Rb7 Rc7 20. Rfb1 Rec8 21. Rxc7 Qxc7 22.
c5 a5 23. Qa6 Ne4 24. Rb7 Qd8 25. Qd3 d5 26. Be5 Bxe5 27. Nxe5 f6 28. Nd7 Kf7 29. f3 Ng3 30. Qe3 Rc7 31. Rxc7 Qxc7 32. Nb6 Nf5 33. Qd3 Qf4 34. g4 Nxd4 35. Kg2 Ne6 36. Nd7 Qc7 37. Nb6 Nxc5 38. Qb1 Ne6 39. Qb2 Nf4+ 40. Kh2 Nd3+ 0-1

[Event "*** Titled Tuesday Blitz"]
[Site "Chess.com"]
[Date "2020.10.27"]
[Round "6"]
[White "GigaQuparadze"]
[Black "Benjoneliere44"]
[Result "1-0"]
[WhiteElo "2836"]
[BlackElo "2679"]
[TimeControl "180+1"]
[EndTime "11:06:31 PDT"]
[Termination "GigaQuparadze won by resignation"]

1. e4 c5 2. Ne2 d6 3. g3 g6 4. Bg2 Bg7 5. c3 Nf6 6. d4 cxd4 7. cxd4 O-O 8. Nbc3 Nc6 9. h3 e5 10. d5 Nd4 11.
Nxd4 exd4 12. Ne2 Re8 13. f3 Bd7 14. O-O Bb5 15. Kh2 d3 16. Nc3 Ba6 17. Rf2 Nh5 18.
f4 Rc8 19. Bd2 Bd4 20. Rf1 f5 21. exf5 Re2 22. Rf3 Bxc3 23. Bxc3 gxf5 24. Rxd3 Qe7 25. Rf3 Rxg2+ 26. Kxg2 Be2 27. Qd4 Bxf3+ 28. Kxf3 Qe4+ 29. Qxe4 fxe4+ 30. Kf2 e3+ 31. Kf3 Re8 32. g4 Ng7 33.
Bxg7 Kxg7 34. Re1 Kf6 35. Rxe3 Rc8 36. Re6+ Kf7 37. Rxd6 Rc2 38. Rd7+ Kf6 39. Rxb7 h5 40. gxh5 a5 41. h6 Rc8 42. h7 Rh8 43. Kg4 a4 44.
f5 a3 45. bxa3 Ra8 46. Kh5 Kxf5 47. Rf7+ Ke5 48. Kg6 Kxd5 49. Kg7 1-0

[Event "*** Titled Tuesday Blitz"]
[Site "Chess.com"]
[Date "2020.10.27"]
[Round "6"]
[White "PSvidler"]
[Black "Mazetovic"]
[Result "1/2-1/2"]
[WhiteElo "2913"]
[BlackElo "2762"]
[TimeControl "180+1"]
[EndTime "11:06:32 PDT"]
[Termination "Game drawn - insufficient material"]

1. c4 Nf6 2. Nc3 g6 3. g3 Bg7 4.
Bg2 O-O 5. Nf3 d6 6. d4 c6 7. O-O Qa5 8. h3 Qa6 9. b3 b5 10. Nd2 Bb7 11. e3 Nbd7 12. Qe2 bxc4 13. Qxc4 Rfc8 14.
Bb2 Nb6 15. Qxa6 Bxa6 16. Rfc1 Rab8 17. Nce4 Nxe4 18. Nxe4 c5 19. Nd2 Bb7 20. Bxb7 Rxb7 21. Rc2 cxd4 22. Rxc8+ Nxc8 23. Rc1 Nb6 24. Bxd4 Bxd4 25.
exd4 Kf8 26. Kf1 Ke8 27. Ke2 Kd7 28. Kd3 Nd5 29. a3 f5 30. b4 e6 31. Nb3 g5 32.
Na5 Rc7 33. Rxc7+ Kxc7 34. Nc4 h5 35. b5 h4 36. Ne3 Nf6 37. gxh4 gxh4 38. Ng2 Kb6 39.
Nxh4 Kxb5 40. Ng6 Ka4 41. Nf4 e5 42. dxe5 dxe5 43. Ng6 e4+ 44. Kd4 Kxa3 45. Ke5 Nh5 46. Kxf5 Kb2 47. Ne5 Kc3 48. Kxe4 a5 49. Kd5 a4 50.
Nc4 Nf4+ 51. Kc5 Nxh3 52. Kb5 Kb3 53. Na5+ Kc3 54. Kxa4 Nxf2 1/2-1/2

[Event "*** Titled Tuesday Blitz"]
[Site "Chess.com"]
[Date "2020.10.27"]
[Round "6"]
[White "Triumphmate"]
[Black "nochewycandy"]
[Result "0-1"]
[WhiteElo "2406"]
[BlackElo "2557"]
[TimeControl "180+1"]
[EndTime "11:06:33 PDT"]
[Termination "nochewycandy won by resignation"]

1. e4 g6 2. d4 Bg7 3. Nc3 d6 4. Nf3 a6 5. Be3 b5 6. Qd2 Bb7 7. Bd3 Nd7 8. h4 h6 9. O-O-O Rc8 10. g4 c5 11. dxc5 Nxc5 12. Bxc5 Rxc5 13. Nd5 Bxd5 14. exd5 Nf6 15. g5 Nxd5 16. gxh6 Bxh6 17. Ng5 Nf6 18.
Kb1 Qc8 19. f4 Qc6 20. Rhe1 Kf8 21. Qe3 Nd5 22. Qe4 Qd7 23. Nxf7 Kxf7 24. Qxg6+ Kf8 25. Bf5 Nc3+ 26. bxc3 Qxf5 27. Qg2 Rxc3 28. Re2 Rg8 29. Qa8+ Rc8 30. Qb7 Rg7 31. Qxa6 Bxf4 32. Rf1 Rc4 33. Qa8+ Kf7 34. Qb7 Rb4+ 35. Ka1 Be5+ 36. Rxe5 Qxf1+ 0-1

[Event "*** Titled Tuesday Blitz"]
[Site "Chess.com"]
[Date "2020.10.27"]
[Round "6"]
[White "mjray79"]
[Black "TioCridineno"]
[Result "1-0"]
[WhiteElo "2451"]
[BlackElo "2230"]
[TimeControl "180+1"]
[EndTime "11:06:34 PDT"]
[Termination "mjray79 won by checkmate"]

1. d4 Nf6 2. c4 g6 3. Nc3 Bg7 4. e4 d6 5. Nge2 c5 6. d5 O-O 7.
Ng3 e6 8. Be2 exd5 9. cxd5 a6 10. a4 Nbd7 11. O-O Rb8 12. f4 Re8 13. Re1 b5 14.
axb5 axb5 15. Bxb5 Qb6 16. e5 dxe5 17. fxe5 Rxe5 18.
Bf4 Nxd5 19. Bxe5 Nxc3 20. Bxc3 c4+ 21. Kh1 Qxb5 22. Re8+ Nf8 23. Qd8 Qc5 24. Ne4 Qb6 25. Qxb6 Rxb6 26. Rxc8 Bxc3 27. bxc3 Kg7 28. h3 Ne6 29.
Ra7 Nf4 30. Rcc7 Rb1+ 31. Kh2 Ne2 32. Rxf7+ Kh6 33. Rxh7# 1-0

[Event "*** Titled Tuesday Blitz"]
[Site "Chess.com"]
[Date "2020.10.27"]
[Round "6"]
[White "shriyanasmallya"]
[Black "Chessalary"]
[Result "0-1"]
[WhiteElo "1695"]
[BlackElo "2396"]
[TimeControl "180+1"]
[EndTime "11:06:34 PDT"]
[Termination "Chessalary won by resignation"]

1. e4 c5 2. Nc3 d6 3. f4 Nc6 4.
Nf3 e6 5. Bb5 Be7 6. O-O Nf6 7. d3 O-O 8. Qe1 Nb4 9. Qf2 a6 10. Ba4 b5 11. Bb3 Bb7 12. e5 dxe5 13. fxe5 Nd7 14. Qg3 Bxf3 15. Rxf3 Qc7 16. Bh6 Qxe5 17.
Bf4 Qd4+ 18. Be3 Qh4 19. Raf1 Qxg3 20. Rxg3 Kh8 21. Ne4 a5 22. a3 Nd5 23. Bxd5 exd5 24. Ng5 Bxg5 25. Bxg5 f6 26. Bf4 Rfe8 27. Bd6 Re6 28.
Bc7 a4 29. Bf4 Rae8 30. Rh3 Re2 31. Rf2 c4 32. dxc4 bxc4 33. Rxe2 Rxe2 34. Rc3 Nc5 35. Bd6 Ne4 36. Kf1 Nxc3 37. bxc3 Rxc2 0-1

[Event "*** Titled Tuesday Blitz"]
[Site "Chess.com"]
[Date "2020.10.27"]
[Round "6"]
[White "Kapibara_Warri0r"]
[Black "vova-79"]
[Result "1-0"]
[WhiteElo "2136"]
[BlackElo "2485"]
[TimeControl "180+1"]
[EndTime "11:06:36 PDT"]
[Termination "Kapibara_Warri0r won by checkmate"]

1. d4 d5 2. Nc3 e6 3. Nf3 c5 4. g3 Nc6 5. Bg2 cxd4 6. Nxd4 Bb4 7. Nxc6 bxc6 8. Bd2 Rb8 9. O-O Ne7 10. a3 Bd6 11. e4 Rxb2 12. f4 O-O 13. e5 Bc5+ 14.
Kh1 Nf5 15. Na4 Bd4 16. Nxb2 Bxb2 17. Ra2 Bd4 18. c3 Bc5 19. Qa4 Qb6 20. Raa1 Ba6 21. Rfb1 Bb5 22. Qd1 Qa6 23. Bf1 Bd3 24. Qf3 Bc4 25.
g4 Nh4 26. Qg3 Ng6 27. f5 Ne7 28. Bg5 exf5 29. Bxe7 Bxe7 30. gxf5 f6 31. Bxc4 Qxc4 32.
Rb7 Re8 33. e6 Qe4+ 34. Kg1 Qxf5 35. Rxe7 Rxe7 36. Qb8+ Re8 37. Qxe8# 1-0

[Event "*** Titled Tuesday Blitz"]
[Site "Chess.com"]
[Date "2020.10.27"]
[Round "6"]
[White "Kaslask"]
[Black "TheMagnet"]
[Result "0-1"]
[WhiteElo "2350"]
[BlackElo "2569"]
[TimeControl "180+1"]
[EndTime "11:06:40 PDT"]
[Termination "TheMagnet won on time"]

1. d4 Nf6 2. c4 g6 3. Nc3 Bg7 4. e4 d6 5. Be2 O-O 6. Be3 c5 7. Nf3 cxd4 8. Nxd4 Nc6 9. f3 Bd7 10. O-O Nxd4 11. Bxd4 a5 12. Qd2 Bc6 13. Rfd1 Nd7 14. Be3 Nc5 15. b3 Qb6 16. Rab1 Rfc8 17. Nd5 Bxd5 18. cxd5 Qb4 19. Qxb4 axb4 20. Rd2 Ra3 21.
Rc2 Rca8 22. Bf1 Rxa2 23. Rc4 Bc3 24. Bd4 Rc2 25. Bxc3 bxc3 26. b4 Nd7 27. Rb3 Ne5 28. Rcxc3 Rd2 29. f4 Ng4 30. h3 Nf6 31. Re3 Ra1 32.
Rbd3 Rb2 33. e5 Nh5 34. Rf3 Rxb4 35. exd6 exd6 36. f5 Nf4 37. Rb3 Ne2+ 38. Kf2 Rxb3 39. Rxb3 Nd4 40. Rxb7 Nxf5 41. g4 Ra2+ 42. Kf3 Ra3+ 43.
Kf4 Ne3 44. Bb5 Nxd5+ 45. Ke4 Nc3+ 46. Kd4 Nxb5+ 47. Rxb5 Rxh3 48. g5 Rg3 0-1

[Event "*** Titled Tuesday Blitz"]
[Site "Chess.com"]
[Date "2020.10.27"]
[Round "6"]
[White "Shahinyan_ChessMood"]
[Black "ArjunErigaisi2003"]
[Result "0-1"]
[WhiteElo "2767"]
[BlackElo "2999"]
[TimeControl "180+1"]
[EndTime "11:06:45 PDT"]
[Termination "ArjunErigaisi2003 won by resignation"]

1. e4 e5 2. Nf3 Nc6 3. d4 exd4 4. Nxd4 Nf6 5. Nc3 Bb4 6. Nxc6 bxc6 7. Bd3 d5 8. Bd2 O-O 9. O-O Re8 10. Re1 Bg4 11. f3 Bh5 12. exd5 cxd5 13. Bb5 c6 14. Rxe8+ Qxe8 15.
Bd3 Qd7 16. Qf1 Rb8 17. b3 c5 18. a3 Ba5 19. Rd1 c4 20. bxc4 dxc4 21. Be4 Qd4+ 22. Kh1 Bxc3 23. Bf4 Qxd1 24. Qxd1 Nxe4 25. Qc1 Rd8 26.
Be3 Bd2 27. Bxd2 Rxd2 28. Kg1 c3 29. g4 Nf2 30. Qe1 Rd1 0-1

[Event "*** Titled Tuesday Blitz"]
[Site "Chess.com"]
[Date "2020.10.27"]
[Round "6"]
[White "GukeshDommaraju"]
[Black "xamax2000"]
[Result "1-0"]
[WhiteElo "2831"]
[BlackElo "2671"]
[TimeControl "180+1"]
[EndTime "11:06:45 PDT"]
[Termination "GukeshDommaraju won on time"]

1. c4 e6 2. Nf3 d5 3. e3 Nf6 4.
Nc3 c5 5. cxd5 exd5 6. d4 Nbd7 7. b3 cxd4 8. Nxd4 Bb4 9. Bd2 O-O 10. Be2 Re8 11. O-O Ne5 12. Rc1 Bd7 13. Ncb5 Bxd2 14. Qxd2 Re7 15. Qb4 a6 16. Nd6 Bc6 17. N6f5 Rd7 18. f4 Ng6 19. Nxc6 bxc6 20. Rxc6 Ne7 21. Nxe7+ Rxe7 22. Qd4 Re4 23. Qd2 Qe8 24. Rfc1 Rxe3 25. Bxa6 1-0

[Event "*** Titled Tuesday Blitz"]
[Site "Chess.com"]
[Date "2020.10.27"]
[Round "6"]
[White "KarstenHansch"]
[Black "QuintilianoR"]
[Result "1-0"]
[WhiteElo "2485"]
[BlackElo "2649"]
[TimeControl "180+1"]
[EndTime "11:06:45 PDT"]
[Termination "KarstenHansch won by resignation"]

1. e4 c5 2. Nf3 d6 3. Bb5+ Nd7 4. c3 Nf6 5. Qe2 a6 6. Ba4 b5 7. Bc2 Bb7 8. O-O c4 9. a4 e6 10. Na3 d5 11. exd5 Bxd5 12. d3 Qc8 13. dxc4 bxc4 14. Bg5 Rb8 15. Nd2 Qc6 16. Naxc4 Bxg2 17. Rfe1 Bd5 18.
Ne5 Nxe5 19. Qxe5 Bd6 20. Qd4 Rxb2 21. c4 Bh1 22. Be4 Nxe4 23. Nxe4 Bxe4 24. Rxe4 O-O 25. Rg4 Rxf2 26. Qxf2 Bc5 27. Be3 Bxe3 28. Qxe3 Rd8 29.
Rd4 Rc8 30. Rad1 Qc7 31. Rd7 Qa5 32. Qf4 f6 33. Qg4 Qc5+ 34. R1d4 1-0

[Event "*** Titled Tuesday Blitz"]
[Site "Chess.com"]
[Date "2020.10.27"]
[Round "6"]
[White "pedro_nascimento85"]
[Black "kidagent"]
[Result "0-1"]
[WhiteElo "1993"]
[BlackElo "2292"]
[TimeControl "180+1"]
[EndTime "11:06:45 PDT"]
[Termination "kidagent won by resignation"]

1. d4 d5 2. c4 c6 3. cxd5 cxd5 4. Nc3 Nc6 5. e4 e5 6. exd5 Nxd4 7. Nf3 Bg4 8. Be2 Nxe2 9. Qxe2 Bd6 10. h3 Bxf3 11. Qxf3 Ne7 12. O-O O-O 13. Rd1 Rc8 14. Bg5 f6 15.
Be3 a6 16. Ne4 f5 17. Nc3 e4 18. Qe2 Qc7 19. Rac1 Qb8 20. Na4 b5 21. Nb6 Rcd8 22. a4 bxa4 23. Nxa4 a5 24. Bc5 Ng6 25. Bxd6 Qxd6 26.
Nc5 Ne5 27. Ne6 Rc8 28. Nxf8 Rxf8 29. Qb5 f4 30. Qxa5 Qg6 31. Kh1 f3 32. g3 e3 33.
Qe1 e2 34. Rd4 Nd3 35. Rxd3 Qxd3 36. Kg1 Qxd5 37. h4 Rd8 38. Ra1 Qd1 39. Rxd1 Rxd1 0-1

[Event "*** Titled Tuesday Blitz"]
[Site "Chess.com"]
[Date "2020.10.27"]
[Round "6"]
[White "garicradomir"]
[Black "Kurai"]
[Result "1-0"]
[WhiteElo "2351"]
[BlackElo "2565"]
[TimeControl "180+1"]
[EndTime "11:06:46 PDT"]
[Termination "garicradomir won by resignation"]

1. e4 e5 2. Nf3 Nc6 3. Nc3 Nf6 4. Bb5 Bb4 5. d3 d6 6. O-O Bxc3 7. bxc3 O-O 8. Bg5 Bd7 9. Rb1 Rb8 10. Nh4 h6 11. Bxc6 hxg5 12. Bxd7 Qxd7 13. Nf5 g6 14. Ne3 Kg7 15.
Qf3 Qe6 16. c4 b6 17. h3 c6 18. a4 Rh8 19. Rb2 Rh4 20. a5 Rbh8 21. axb6 axb6 22. Rxb6 g4 23. Qe2 gxh3 24. g3 h2+ 25. Kh1 R4h5 26.
Rxc6 Ra8 27. c5 Ra2 28. Rxd6 Qc8 29. c6 Ra6 30. Nf5+ gxf5 31. Rxf6 Rg5 32. Rxf5 Rxf5 33. exf5 Qxc6+ 34. Qe4 Qxe4+ 35. dxe4 Rc6 36. Kxh2 Rxc2 37. Kh3 Kf6 38. Kg4 Re2 39. f3 Rb2 40. Rc1 Rb6 41.
Rc7 Ra6 42. f4 Ra5 43. fxe5+ Rxe5 44. Kf4 Ra5 45. g4 Ra1 46. g5+ Kg7 47. g6 Rf1+ 48. Ke5 Kg8 49. gxf7+ Kf8 50. Kf6 Rxf5+ 51. Kxf5 1-0

[Event "*** Titled Tuesday Blitz"]
[Site "Chess.com"]
[Date "2020.10.27"]
[Round "6"]
[White "zverr1"]
[Black "druskacik"]
[Result "0-1"]
[WhiteElo "2455"]
[BlackElo "2611"]
[TimeControl "180+1"]
[EndTime "11:06:47 PDT"]
[Termination "druskacik won by resignation"]

1. e4 b6 2. d4 Bb7 3. Bd3 g6 4. h4 Bg7 5. c3 h5 6. Bg5 d6 7. a4 a5 8. Nd2 Nd7 9. Ngf3 Ngf6 10.
Qe2 Nf8 11. Bb5+ c6 12. Bd3 Ne6 13. Be3 Ng4 14. Ng5 Nxe3 15. Nxe6 Nxg2+ 16. Kf1 fxe6 17. Kxg2 Kd7 18. e5 d5 19. b4 Bh6 20. Nf3 Rg8 21.
Ng5 Qf8 22. Qe3 Qg7 23. Qh3 Bxg5 24. hxg5 Rgf8 25. Qg3 Ba6 26. Bxa6 Rxa6 27. f4 axb4 28. cxb4 Rfa8 29. Qb3 b5 30. axb5 Rxa1 31. bxc6+ Kc7 32.
Rxa1 Rxa1 33. b5 Qf8 34. b6+ Kxc6 35. Qc3+ Kxb6 36. Qb2+ Kc6 37. Qxa1 Qxf4 38. Qa4+ Kc7 39. Qa7+ Kd8 40. Qb6+ Kd7 41. Qa7+ Ke8 42. Kh3 Kf7 0-1

[Event "*** Titled Tuesday Blitz"]
[Site "Chess.com"]
[Date "2020.10.27"]
[Round "6"]
[White "davidkalashian"]
[Black "zmeeed67"]
[Result "1-0"]
[WhiteElo "2571"]
[BlackElo "2353"]
[TimeControl "180+1"]
[EndTime "11:06:50 PDT"]
[Termination "davidkalashian won on time"]

1. d4 d5 2. Nf3 Nf6 3. c4 e6 4.
Nc3 c6 5. Qd3 c5 6. Bg5 dxc4 7.
Qxc4 cxd4 8. Nxd4 Be7 9. O-O-O Nbd7 10. e4 O-O 11. f4 Ng4 12. Bxe7 Qxe7 13. Qe2 Nh6 14.
g4 e5 15. Nd5 Qc5+ 16. Nc2 Nb6 17. h3 f6 18. g5 fxg5 19. fxg5 Nf7 20. h4 Be6 21. Bh3 Bxh3 22. Rxh3 Rfd8 23. Rc3 Qa5 24. Ra3 Qc5 25. Qe3 Qf8 26. Rad3 Nc4 27. Qe2 Rac8 28. Kb1 Nfd6 29. h5 a6 30. h6 b5 31. hxg7 Qxg7 32. Nf6+ Kh8 33. Rh1 1-0